 Dungeon Crawl Stone Soup version 0.17.0 (webtiles) character file.

147 Cookie the Covert (level 5, -11/38 HPs)
             Began as a Vampire Assassin on Nov 10, 2015.
             Killed by divine providence
             ... invoked by an orc priest
              (16 damage)
             ... on level 4 of the Dungeon.
             The game lasted 00:07:10 (4864 turns).

Cookie the Covert (Vampire Assassin)                Turns: 4864, Time: 00:07:10

Health: -11/38     AC:  5    Str: 11    XL:     5   Next: 8%
Magic:  5/5        EV: 11    Int: 14    God:
Gold:   237        SH:  0    Dex: 15    Spells: 0 memorised, 4 levels left

rFire  . . .     SeeInvis +     a - +2 dagger
rCold  . . .     Clarity  .     w - +0 troll leather armour (curse)
rNeg   . . .     SustAt   .     (no shield)
rPois  .         Gourm    .     (no helmet)
rElec  .         Spirit   .     d - +0 cloak
rCorr  .         Warding  .     (no gloves)
rMut   .         Stasis   .     (no boots)
MR     .....                    (no amulet)
Stlth  +++++.....               (no ring)
                                (no ring)

@: regenerating quickly, not resistant to hostile enchantments, quite stealthy
A: fangs 3, see invisible, unbreathing
a: no special abilities


You were on level 4 of the Dungeon.
You were very full.

You visited 1 branch of the dungeon, and saw 4 of its levels.

You collected 237 gold pieces.

Inventory:

Hand Weapons
 a - a +2 dagger (weapon)
 b - a +0 blowgun
Missiles
 e - 8 poisoned needles
 f - 2 curare-tipped needles
Armour
 c - a +0 robe
 d - a +0 cloak (worn)
 w - a cursed +0 troll leather armour (worn)
Jewellery
 r - an uncursed amulet of the gourmand {unknown}
 s - an uncursed ring of flight {unknown}
 u - an uncursed ring of see invisible {unknown}
Wands
 x - a wand of draining (7)
Scrolls
 h - 3 scrolls of magic mapping {unknown}
 i - a scroll of enchant weapon {unknown}
 k - a scroll of fear {unknown}
 l - a scroll of blinking {unknown}
 m - 7 scrolls of identify {unknown}
 v - a scroll of amnesia {unknown}
Potions
 g - a potion of might {unknown}
 j - a potion of agility {unknown}
 n - 2 potions of curing {unknown}
 q - a potion of brilliance {unknown}
 t - a potion of berserk rage {unknown}
Books
 o - a book of the Warp

   Spells                             Type                      Level
   a - Recall                         Summoning/Translocation      3
   b - Gell's Gravitas                Hexes/Translocation          3
   c - Force Lance                    Conjuration/Translocation    4
   d - Phase Shift                    Translocation                5
   e - Warp Weapon                    Charms/Translocation         5
   f - Summon Forest                  Summoning/Translocation      5
 p - an Akashic Record

   Spells                             Type                      Level
   a - Dispersal                      Translocation                6
   b - Malign Gateway                 Summoning/Translocation      7
   c - Disjunction                    Translocation                8
   d - Controlled Blink               Translocation                8


   Skills:
 - Level 1.7 Fighting
 - Level 2.1 Short Blades
 - Level 1.5 Throwing
 - Level 1.1 Dodging
 + Level 9.7 Stealth


You had 4 spell levels left.
You didn't know any spells.

Dungeon Overview and Level Annotations

Branches:
Dungeon (4/15)
 Temple: D:4-7

Altars:
Sif Muna


Innate Abilities, Weirdness & Mutations

Your natural rate of healing is unusually fast.
You have razor-sharp teeth.
You have supernaturally acute eyesight.
You can survive without breathing.


Message History

The jackal bites you but does no damage.
The jackal closely misses you.
You closely miss the orc wizard.
The orc wizard is heavily wounded.
The orc wizard hits you with a dagger. The jackal bites you.
You hit the orc wizard.
The orc wizard is heavily wounded.
The jackal barely misses you. The orc wizard hits you with a dagger.
You barely miss the orc wizard.
The orc wizard is heavily wounded.
The jackal bites you but does no damage.
The orc wizard hits you but does no damage.
The jackal closely misses you.
The orc priest calls down the wrath of Beogh upon you.
Something smites you!
* * * LOW HITPOINT WARNING * * *
The jackal barely misses you.
The orc priest mumbles some strange prayers to Beogh against you.
Something smites you!
You die...

..... ....
... o. o#
##.# #
#oo# ..###
##h##
#....##.@#
#.....##
###...#
###.##
#..##
##..###
#....###
#......##
##
##......##
###.


You could see an orc priest, an orc wizard, 2 orcs and a jackal.

Vanquished Creatures
  7 adders
  An adder skeleton (D:4)
  2 worms
  A giant gecko (D:2)
  7 orcs (D:4)
  A ball python (D:1)
  7 bats
  4 giant cockroaches
  9 goblins
  7 hobgoblins
  5 kobolds
  3 giant newts (D:2)
  7 jackals
  2 quokkas
  4 rats
67 creatures vanquished.

Notes
Turn   | Place    | Note
--------------------------------------------------------------
     0 | D:1      | Cookie the Vampire Assassin began the quest for the Orb.
     0 | D:1      | Reached XP level 1. HP: 16/16 MP: 1/1
    34 | D:1      | Reached skill level 6 in Stealth
   404 | D:1      | Reached XP level 2. HP: 22/22 MP: 2/2
  3007 | D:1      | Reached skill level 7 in Stealth
  3065 | D:2      | Reached XP level 3. HP: 23/27 MP: 3/3
  3381 | D:2      | Reached skill level 8 in Stealth
  3606 | D:2      | Reached XP level 4. HP: 25/33 MP: 4/4
  3867 | D:3      | Found a deep blue altar of Sif Muna.
  4101 | D:3      | Reached skill level 9 in Stealth
  4834 | D:4      | Reached XP level 5. HP: 38/38 MP: 5/5
  4864 | D:4      | Killed from afar by an orc priest

Action                   |  1- 3 |  4- 6 || total
-------------------------+-------+-------++-------
Melee: Dagger            |    66 |   127 ||   193
  Use: Potion            |     2 |       ||     2
 Stab: Sleeping          |    13 |    12 ||    25
       Distracted        |     1 |     2 ||     3
  Eat: Corpse            |     4 |    12 ||    16
